 Dungeon Crawl Stone Soup version 0.28-a0-983-g1de4e0787c (webtiles) character file.

Game seed: 1103523476925056583

692 Htamos the Skirmisher (level 7, -2/50 HPs)
             Began as an Octopode Monk on Dec 3, 2021.
             Splashed by a brown ugly thing's acid (10 damage)
             ... on level 6 of the Dungeon.
             The game lasted 00:12:10 (4488 turns).

Htamos the Skirmisher (Octopode Monk)               Turns: 4488, Time: 00:12:12

Health: -2/50      AC: -3    Str: 11    XL:     7   Next: 63%
Magic:  7/7        EV: 19    Int: 12    God:
Gold:   94         SH:  3    Dex: 16    Spells: 6/6 levels left

rFire   . . .      SeeInvis .     - Unarmed
rCold   . . .      Faith    .   l - +0 buckler
rNeg    . . .      Spirit   .   (helmet restricted)
rPois   .          Reflect  .   (no amulet)
rElec   .          Harm     .   j - +4 ring of evasion
rCorr   .          Rampage  .   p - +4 ring of slaying
Will    .....                   (no ring)
Stlth   ++++......              (no ring)
HPRegen 0.16/turn               (no ring)
MPRegen 0.10/turn               (no ring)
                                (no ring)
                                (no ring)

@: brilliant, corroded, flying
A: almost no armour, amphibious, 8 rings, camouflage 1, gelatinous body 1,
(nimble swimmer 1), tentacles
a: no special abilities


You were on level 6 of the Dungeon.
You visited 1 branch of the dungeon, and saw 6 of its levels.
You also visited: Ossuary.

You collected 142 gold pieces.
You spent 48 gold pieces at shops.

Inventory:

Missiles
 d - 27 poisoned darts
 f - 179 stones (quivered)
 g - 13 sling bullets
 m - a curare-tipped dart
Armour
 l - a +0 buckler (worn)
Jewellery
 j - a +4 ring of evasion (left tentacle)
 p - a +4 ring of slaying (right tentacle)
Wands
 h - a wand of polymorph (7)
 k - a wand of flame (9)
Scrolls
 o - a scroll of teleportation
 q - a scroll of fog
Potions
 a - a potion of flight
 b - a potion of invisibility {unknown}
 c - a potion of cancellation {unknown}
 e - a potion of brilliance
 i - 2 potions of lignification
 n - a potion of heal wounds
 r - a potion of curing {unknown}
 s - a potion of attraction {unknown}
 t - a potion of resistance {unknown}


   Skills:
 * Level 5.5 Fighting
 * Level 5.5 Dodging
 + Level 5.3 Stealth
 + Level 4.4 Unarmed Combat


You had 6 spell levels left.
You didn't know any spells.
Your spell library was empty.

Dungeon Overview and Level Annotations

Branches:
Dungeon (6/15)            Ossuary (visited)
 Temple: D:4-7

Altars:
Ashenzari
Vehumet

Shops:
D:2 :   D:4 *

Annotations:
D:3 Ijyb
D:4 exclusion: ogre


Innate Abilities, Weirdness & Mutations

You cannot wear most types of armour.
You are amphibious.
You can wear up to eight rings at the same time.
Your skin changes colour to match your surroundings (Stealth+).
Your rubbery body absorbs attacks. (AC +1, EV +1)
((You are camouflaged near water. (Stealth+)))
You have tentacles for arms and can constrict up to eight enemies at once.


Message History

Found a scroll of immolation.
The gnoll sergeant shouts!
You hear a shout!
A brown ugly thing comes into view.
Found a cloak and a wand of polymorph (11).
Found a stone staircase leading up.
Aiming: Throw Flame
Press: ? - help, Shift-Dir - straight line, f - brown ugly thing
Aim: a brown ugly thing (asleep, 100% to hit)
The puff of flame hits the brown ugly thing.
The brown ugly thing is lightly wounded.
The brown ugly thing gurgles horribly!
The gnoll shouts!
Aiming: Throw Flame
Press: ? - help, Shift-Dir - straight line, f/p - brown ugly thing
Aim: a brown ugly thing (lightly wounded, 68% to hit)
The puff of flame misses the brown ugly thing.
Really quaff the potion of lignification?
Okay, then.
It was a potion of brilliance.
You feel clever all of a sudden.
It was a potion of flight.
You feel very buoyant.
You fly up into the air.
You closely miss the brown ugly thing. You grab the brown ugly thing.
You squeeze the brown ugly thing!
The brown ugly thing is lightly wounded.
You constrict the brown ugly thing, but do no damage.
The brown ugly thing pecks you.
You are splashed with acid!
You completely miss the brown ugly thing.
The brown ugly thing is lightly wounded.
You constrict the brown ugly thing. The brown ugly thing pecks you!
* * * LOW HITPOINT WARNING * * *
The acid corrodes you!
You are splashed with acid.
* * * LOW HITPOINT WARNING * * *
You tentacle-slap the brown ugly thing but do no damage.
You squeeze the brown ugly thing.
The brown ugly thing is lightly wounded.
You constrict the brown ugly thing. The brown ugly thing pecks you!
* * * LOW HITPOINT WARNING * * *
You are splashed with acid!
You die...

.....# #.........
#.#....#
#.........
.......#
##.#......
.......#
#.#.#####
#.##.###
#########.#.# ###
..##.#
#.........#......
..##.#
+.........# ..../
...#.#
#.........#.[<...
...#
+......@u.....?..
...#
#..........≈≈≈≈≈≈
...#.
#########..≈≈≈≈≈≈
..... #..≈≈####
..# #..≈≈#gg ###
#..≈≈#8.# #
##.≈≈# .. .≈≈#


You could see a brown ugly thing and a gnoll sergeant.

Vanquished Creatures
  A phantom (D:5)
  A kobold brigand (D:6)
  4 water moccasin zombies (Ossuary)
  3 hounds
  A killer bee zombie (D:6)
  A hound skeleton (D:4)
  2 mummies (Ossuary)
  2 howler monkey zombies
  6 adders
  A shadow imp (D:6)
  An adder skeleton (D:4)
  2 adder zombies (Ossuary)
  2 worms
  4 dart slugs
  3 orcs
  4 ball pythons
  4 endoplasms
  3 giant cockroaches
  5 goblins
  4 hobgoblins
  5 quokkas
  6 bats
  2 frilled lizards (D:1)
  4 gnoll zombies (Ossuary)
  5 hobgoblin zombies (Ossuary)
  11 kobolds
  6 kobold zombies (Ossuary)
  4 orc zombies (Ossuary)
  2 rats
99 creatures vanquished.

Notes
Turn   | Place    | Note
-------+----------+-------------------------------------------
     0 | D:1      | Htamos the Octopode Monk began the quest for the Orb.
     0 | D:1      | Reached XP level 1. HP: 16/16 MP: 1/1
   144 | D:1      | Reached XP level 2. HP: 19/21 MP: 2/2
   651 | D:1      | Reached XP level 3. HP: 26/26 MP: 3/3
  1681 | D:2      | Noticed a black bear
  1700 | D:3      | Found a faded altar of an unknown god.
  1713 | D:3      | Reached XP level 4. HP: 33/33 MP: 4/4
  1741 | D:3      | Noticed an ogre
  1853 | D:2      | Found a broken altar of Ashenzari.
  1855 | D:2      | Found Udea's Book Emporium.
  2116 | D:3      | Noticed Ijyb
  2133 | D:4      | Found a radiant altar of Vehumet.
  2380 | D:4      | Reached XP level 5. HP: 30/37 MP: 5/5
  2435 | D:4      | You fall into a shaft and drop 1 floor!
  2435 | D:5      | Entered Level 5 of the Dungeon
  2492 | D:5      | Noticed a phantom
  2526 | D:4      | Noticed an ogre
  2883 | D:4      | Found Kuxkim's CLEARANCE SALE!.
  2892 | D:4      | Bought a wand of polymorph (7) for 36 gold pieces
  2892 | D:4      | Bought a potion of lignification for 12 gold pieces
  3139 | D:5      | Found a sand-covered staircase.
  3148 | D:5      | Noticed a phantom
  3149 | Ossuary  | Entered an ossuary
  3184 | Ossuary  | Reached XP level 6. HP: 33/44 MP: 6/6
  3765 | Ossuary  | Reached skill level 5 in Fighting
  3839 | Ossuary  | Reached skill level 5 in Dodging
  3839 | Ossuary  | Reached XP level 7. HP: 34/50 MP: 7/7
  3994 | D:5      | Reached skill level 5 in Stealth
  4096 | D:5      | Noticed a shadow
  4130 | D:6      | Found a broken altar of Ashenzari.
  4479 | D:6      | Noticed a brown ugly thing
  4488 | D:6      | Splashed by a brown ugly thing's acid

Illustrated notes

Levels and vault maps discovered:
D:1:      scummos_arrival_checkerplants, layout_basic
D:2:      layout_basic, basic_altar, serial_shops, nicolae_shop_crystal
D:3:      layout_rooms, lemuel_crystal_altar, jmf_multi_god_temple,
          nicolae_ecumenical_pavilion, item_on_display_a, uniq_ijyb
D:4:      layout_cave_pools, fiery_altar_vehumet, nicolae_shop_clearance
D:5:      layout_cave_pools, enter_ossuary_1
D:6:      layout_basic, ashenzari_altar_1, gammafunk_ghost_gnarly_gnolls

Skill      XL: |  1  2  3  4  5  6  7 |
---------------+----------------------+-----
Stealth        | 3 4 5 |  5.3
Fighting       | 4 5 |  5.5
Dodging        | 4 5 |  5.5
Unarmed Combat | 4 |  4.4

Action                   |  1- 3 |  4- 6 |  7- 9 || total
-------------------------+-------+-------+-------++-------
Melee: Unarmed           |    83 |   119 |    51 ||   253
       Constrict         |    23 |    37 |    13 ||    73
       Tentacles         |    16 |    36 |    12 ||    64
       Punch             |       |     2 |     1 ||     3
Throw: Dart              |    15 |     7 |       ||    22
       Stone             |       |     6 |       ||     6
Evoke: Wand              |       |       |     2 ||     2
  Use: Scroll            |     4 |     5 |     1 ||    10
       Potion            |     1 |       |     4 ||     5
 Stab: Sleeping          |    10 |    14 |     2 ||    26
       Distracted        |     1 |       |       ||     1
Armor: Skin              |     4 |     6 |     2 ||    12
Dodge: Dodged            |    43 |    48 |    29 ||   120
Block: Buckler           |       |     5 |     3 ||     8

Table legend: (Time is in decaauts)
 A = Elapsed time spent in this place.
 B = Non-inter-level travel time spent in this place.
 C = Inter-level travel time spent in this place.
 D = Time resting spent in this place.
 E = Time spent auto-exploring this place.
 F = Levels seen in this place.
 G = Mean time per level.
                   A        B        C        D        E       F      G
               +--------+--------+--------+--------+--------+-----+--------+
         Total |   4478 |   4288 |    190 |    755 |   2367 |   7 |  639.7 |
       Dungeon |   3648 |   3458 |    190 |    152 |   2367 |   6 |  608.0 |
       Ossuary |    830 |    830 |      0 |    603 |      0 |   1 |  830.0 |
               +--------+--------+--------+--------+--------+-----+--------+

Top non-repeatable levels by time:
     D:1: 1141 daAuts
     D:4: 863 daAuts
     D:2: 854 daAuts
 Ossuary: 830 daAuts
     D:6: 369 daAuts
     D:5: 271 daAuts
     D:3: 148 daAuts
